Cogmind - Beta 16 --- EXPLORER MODE // 2025.11.17 @ 10:37:21 Player: K.K.Y. Result: Destroyed by 59-8F2(R) with Subdweller Machine Gun Performance ------------- Evolutions (0) 0 Regions Visited (2) 400 Robots Destroyed (28) 140 Value Destroyed (679) 679 Prototype IDs (0) 0 Alien Tech Used (0) 0 Bonus (0) 0 TOTAL SCORE: 1219 Bonus ------- None Cogmind --------- Core Integrity 0/250 Matter 143/300 Energy 92/100 System Corruption 0% Temperature Cool (5) Movement Walking (190) Ox1 Location -10/Subcaves Parts ------- > --- POWER (1) -------- (None) > --- PROPULSION (3) --- Carbon-fiber Leg Myomer Leg Myomer Leg > --- UTILITY (2) ------ Huge Storage Unit Machine Analyzer > --- WEAPON (2) ------- Battle Cannon Battle Cannon > --- INVENTORY (25) --- Light Treads Light Treads Light Treads Carbon-fiber Leg Improved Heat Sink Humpback Light Armor Plating Scrap Shield Makeshift System Shield Heavy EM Pulse Gun Heavy EM Pulse Gun Heavy EM Pulse Gun Heavy EM Pulse Gun Autobeam Autobeam Battle Rifle Barrage Gun Battle Cannon Hammer Makeshift Spear Peak State ------------ > --- POWER ------------ Neutrino Core > --- PROPULSION ------- Makeshift Leg Myomer Leg Myomer Leg > --- UTILITY ---------- Huge Storage Unit Machine Analyzer > --- WEAPON ----------- Hammer Makeshift Spear > --- INVENTORY -------- Light Treads Light Treads Light Treads Carbon-fiber Leg Carbon-fiber Leg Improved Heat Sink Humpback Light Armor Plating Scrap Shield Makeshift System Shield Heavy EM Pulse Gun Heavy EM Pulse Gun Heavy EM Pulse Gun Heavy EM Pulse Gun Battle Rifle Barrage Gun Battle Cannon Battle Cannon Battle Cannon [Rating: 37] Favorites ----------- Power Ion Engine Engine Ion Engine Power Core Neutrino Core Propulsion Light Treads Treads Light Treads Leg Myomer Leg Utility Huge Storage Unit Storage Huge Storage Unit Processor Machine Analyzer Protection Light Armor Plating Weapon Assault Rifle Ballistic Gun Assault Rifle Ballistic Cannon Battle Cannon Special Weapon Mining Laser Impact Weapon Hammer Piercing Weapon Makeshift Spear Build | -11 -10 -10 ------- Run | Yrd Mat Sub Slots Evolved 1 | . 1 . Power . | . . . Propulsion 1 | . 1 . Utility . | . . . Weapon . | . . . Parts Attached 24 | 6 2 16 Power 4 | 1 . 3 Engine 3 | 1 . 2 Core 1 | . . 1 Reactor . | . . . Propulsion 9 | 2 1 6 Treads 5 | 2 1 2 Leg 4 | . . 4 Wheel . | . . . Hover . | . . . Flight . | . . . Utility 4 | 2 . 2 Device . | . . . Storage 2 | 1 . 1 Processor 1 | . . 1 Hackware . | . . . Protection 1 | 1 . . Artifact . | . . . Weapon 7 | 1 1 5 Energy Gun . | . . . Energy Cannon . | . . . Ballistic Gun 2 | 1 . 1 Ballistic Cannon 2 | . . 2 Launcher . | . . . Special Weapon 1 | . 1 . Impact Weapon 1 | . . 1 Slashing Weapon . | . . . Piercing Weapon 1 | . . 1 Special Melee Weapon . | . . . Unidentified Prototypes . | . . . Parts Lost 4 | . 1 3 Power 1 | . . 1 Propulsion 1 | . . 1 Utility 1 | . 1 . Weapon 1 | . . 1 Highest Loss Streak 1 | . 1 1 To Critical Strikes . | . . . Average Backups 12 | 2 6 17 Power . | . . . Propulsion 2 | . 1 4 Utility 3 | 1 2 4 Weapon 5 | . 3 8 Tool/Special . | . . . Unused Backups 15 | . . 15 Power . | . . . Propulsion 1 | . . 1 Utility 6 | . . 6 Weapon 8 | . . 8 Tool/Special . | . . . Average Slot Usage (%) 87 | . 85 89 Engine 7 | . 12 3 Core 2 | . . 5 Treads 18 | . 36 4 Leg 16 | . . 29 Storage 12 | . 12 12 Processor 4 | . . 8 Protection 4 | . 10 . Ballistic Gun 8 | . 12 5 Ballistic Cannon 3 | . . 6 Special Weapon 2 | . 1 3 Impact Weapon 2 | . . 4 Piercing Weapon 2 | . . 4 Peak Build Rating 37 | 6 8 37 Average Rating 19 | 3 7 28 On Entrance 4 | . 6 8 Avg Prop Armor Cover (%) . | . . . Naked Turns . | . . . Heaviest Build 98 | 20 20 98 Greatest Support 70 | 40 60 70 Greatest Overweight (x) 3 | 2 . 3 Average Overweight (x) . | . . 1 Largest Inventory Capacity 25 | 10 10 25 Average Capacity 18 | 7 10 24 Most Carried 23 | 5 10 23 Average Carried 13 | 2 6 19 Final Capacity 25 | 10 10 25 Final Carried 22 | 1 10 22 Class Distribution -------------------- 100% | Hacker-Mutant Dominant Class ---------------- Hacker-Mutant | -10/Materials Hacker-Mutant | -10/Subcaves Resources | -11 -10 -10 ----------- Run | Yrd Mat Sub Matter Collected 825 | 220 322 283 Remotely . | . . . Salvage Created 757 | . 566 191 Parts 48 | . 32 16 Haulers Intercepted 2 | . 2 . Recyclers Shooed 2 | . 2 . Parts Field Recycled . | . . . Retrieved Matter . | . . . Parts Self-Destructed . | . . . Prevented . | . . . Parts Restored . | . . . Kills | -11 -10 -10 ------- Run | Yrd Mat Sub Combat Hostiles Destroyed 19 | . 7 12 Melee 5 | . . 5 Guns 8 | . 7 1 Cannons 6 | . . 6 Classes Destroyed 9 | . 7 2 Worker 1 | . 1 . Hauler 2 | . 2 . Recycler 2 | . 2 . Mechanic 1 | . 1 . Turret 2 | . . 2 Watcher 1 | . 1 . Swarmer 6 | . 2 4 Grunt 5 | . 5 . Subdweller 8 | . . 8 Best Kill Streak 6 | . 4 6 Combat Bots Only 4 | . 4 4 Max Kills in Single Turn 1 | . 1 1 Gunslinging . | . . . Exploded . | . . . Melee 1 | . . 1 Uniques/NPCs Destroyed . | . . . Combat | -11 -10 -10 -------- Run | Yrd Mat Sub Hostile Shots Fired 179 | . 94 85 Missed 44 | . 21 23 Hits 135 | . 73 62 Projectile 135 | . 73 62 AOE 2 | . . 2 Critical Strikes 4 | . 3 1 Damage Taken 1176 | . 551 625 Core 264 | . 88 176 Absorbed by Shields . | . . . Ignored by Resistances 691 | . 349 342 Core Remaining (%) 100 | 100 . . Volleys Fired 128 | . 89 39 Largest 2 | . 1 2 Hottest 120 | . 20 120 Shots Fired 158 | . 89 69 Gun 104 | . 89 15 Cannon 48 | . . 48 Launcher . | . . . Special 6 | . . 6 Kinetic 152 | . 89 63 Thermal 6 | . . 6 Explosive . | . . . Electromagnetic . | . . . Robot Hit Streak 41 | . 41 32 Robot Miss Streak 1 | . 1 1 Penetration Max . | . . . Secondary Targets . | . . . Shots Hit Robots 146 | . 84 62 Core Hits 46 | . 25 21 Critical Kills 1 | . 1 . Critical Parts Destroyed 1 | . 1 . Critical Strikes 6 | . 2 4 Destroy 2 | . 2 . Blast 3 | . . 3 Impale 1 | . . 1 Melee Attacks 33 | . . 33 Impact 17 | . . 17 Slashing . | . . . Piercing 16 | . . 16 Sneak Attacks . | . . . Combat Hostiles . | . . . Follow-up Attacks . | . . . Damage Inflicted 2300 | . 1043 1257 Guns 1210 | . 1043 167 Cannons 781 | . . 781 Explosions . | . . . Melee 165 | . . 165 Ramming . | . . . Kinetic 1991 | . 1043 948 Thermal 144 | . . 144 Explosive . | . . . Electromagnetic . | . . . Impact . | . . . Slashing . | . . . Piercing 165 | . . 165 Highest Corruption . | . . . Average Corruption . | . . . Corruption Purged . | . . . Corruption Blocked . | . . . Overload Shots . | . . . Overflow Damage 6 | . . 6 Projectiles . | . . . Explosions . | . . . Melee 6 | . . 6 Knockbacks 4 | . . 4 Impact . | . . . Kinetic 4 | . . 4 Secondary . | . . . Self-Inflicted Damage . | . . . Shots . | . . . Rammed . | . . . Targets Rammed . | . . . Kicked . | . . . Crushed . | . . . Highest Temperature 33 | . 33 . Average Temperature 6 | . 6 . Received Heat Transfer 675 | . 525 150 Siege Activations . | . . . Martial Activations . | . . . Shielding Activations . | . . . Robots Disrupted . | . . . Combat Hostiles . | . . . Robots Corrupted . | . . . Combat Hostiles . | . . . Parts Fried . | . . . Impact Corruptions . | . . . Robots Melted . | . . . Combat Hostiles . | . . . Parts Melted . | . . . Heat Transferred 300 | . . 300 Parts Sabotaged . | . . . Parts Stolen . | . . . Parts Stripped . | . . . Power Chain Reactions . | . . . Alert | -11 -10 -10 ------- Run | Yrd Mat Sub Maximum Alert Level . | . . . Low Security (%) 100 | 100 100 . Level 1 . | . . . Level 2 . | . . . Level 3 . | . . . Level 4 . | . . . Level 5 . | . . . High Security . | . . . Max Security . | . . . Peak Influence 80 | . 80 . Initial . | . . . Average 7 | . 7 . Influence Increases 433 | . 253 180 Destroy 0b10 Robot/C 260 | . 140 120 Destroy 0b10 Robot/NC 35 | . 35 . Destroy Leader 26 | . 26 . Trap Triggered on 0b10 20 | . 20 . Successful Hack 13 | . 13 . Disable Machine 4 | . 4 . Lose Combat Pursuer 75 | . 15 60 Influence Decreases 433 | . 253 180 Time Decay 423 | . 253 170 Lost Part 10 | . . 10 Squads Dispatched 1 | . 1 . Investigation 1 | . 1 . Extermination . | . . . Reinforcement . | . . . Assault . | . . . Garrison . | . . . Intercept . | . . . Searches Triggered . | . . . Construction Impeded . | . . . Haulers Reinforced . | . . . Active Scanning Responses . | . . . Cargo Convoy Interrupts . | . . . Stealth | -11 -10 -10 --------- Run | Yrd Mat Sub Distress Signals 1 | . 1 . Communications Jammed . | . . . Distress Signals . | . . . Times Spotted 38 | . 17 21 Peak Tracking Total 6 | . 5 6 Tactical Retreats 4 | . 2 2 Traps | -11 -10 -10 ------- Run | Yrd Mat Sub Traps Triggered 4 | . 2 2 Indirectly . | . . . Trap Hack Attempts . | . . . Triggered . | . . . Disarmed . | . . . Reprogrammed 4 | . 4 . Reused 4 | . 4 . Traps Extracted . | . . . Installed . | . . . Triggered 2 | . 2 . Machines | -11 -10 -10 ---------- Run | Yrd Mat Sub Machines Disabled 2 | . 1 1 Max in Single Turn 1 | . 1 1 Machines Repaired . | . . . Machines Dismantled . | . . . Machines Sabotaged . | . . . Overloaded Fab Kills . | . . . Hacking | -11 -10 -10 --------- Run | Yrd Mat Sub Machines Accessed 2 | . 2 . Terminals 2 | . 2 . Fabricators . | . . . Repair Stations . | . . . Recycling Units . | . . . Scanalyzers . | . . . Garrison Access . | . . . Total Hacks 5 | . 5 . Successful 4 | . 4 . Failed 1 | . 1 . Catastrophic . | . . . Database Lockouts . | . . . Manual . | . . . Terminals 5 | . 5 . Fabricators . | . . . Repair Stations . | . . . Recycling Units . | . . . Scanalyzers . | . . . Garrison Access . | . . . Terminal Hacks 4 | . 4 . Emergency Access Points 1 | . 1 . Reprogram Traps 1 | . 1 . Hauler Manifests 1 | . 1 . Zone Layout 1 | . 1 . Fabricator Hacks . | . . . Repair Station Hacks . | . . . Recycling Unit Hacks . | . . . Scanalyzer . | . . . Garrison Access Hacks . | . . . Unauthorized Hacks . | . . . Terminals . | . . . Fabricators . | . . . Repair Stations . | . . . Recycling Units . | . . . Scanalyzers . | . . . Garrison Access . | . . . Data Cores Recovered . | . . . Used . | . . . Hacking Detections 2 | . 2 . Full Trace Events 1 | . 1 . Feedback Events . | . . . Feedback Blocked . | . . . Robot Schematics Acquired . | . . . Robots Built . | . . . Authchips . | . . . Time . | . . . Total Robot Build Rating . | . . . Part Schematics Acquired . | . . . Parts Built . | . . . Authchips . | . . . Time . | . . . Total Part Build Rating . | . . . Part Studies Acquired . | . . . Parts Repaired . | . . . Time . | . . . Parts Recycled . | . . . Recycled Matter . | . . . Retrieved Matter . | . . . Retrieved Components . | . . . Parts Scanalyzed . | . . . Part Schematics Acquired . | . . . Parts Damaged . | . . . Bothacking | -11 -10 -10 ------------ Run | Yrd Mat Sub Used RIF Installer . | . . . Robots Hacked . | . . . Non-combat . | . . . Combat . | . . . Robot Hacks Applied . | . . . Relay Couplers Released . | . . . Fabnet Peak Effective % . | . . . Robots Rewired . | . . . Allies Hacked . | . . . Hacks Repelled . | . . . Allies | -11 -10 -10 -------- Run | Yrd Mat Sub Total Allies . | . . . Largest Group . | . . . Highest-Rated Group . | . . . Highest-Rated Ally . | . . . Total Orders . | . . . Ally Attacks . | . . . Total Damage . | . . . Kills . | . . . Allies Corrupted . | . . . Allies Melted . | . . . Intel | -11 -10 -10 ------- Run | Yrd Mat Sub Active Infowar (turns) 1111 | . . 1111 Machine Analysis 1111 | . . 1111 Robot Analysis Total . | . . . Derelict Logs Recovered . | . . . Drone Launches . | . . . Drone Recoveries . | . . . Exploration | -11 -10 -10 ------------- Run | Yrd Mat Sub Turns Passed 2889 | 63 1217 1609 Spaces Moved 1277 | 45 552 680 Core 28 | 28 . . Treads 633 | 17 552 64 Legs 616 | . . 616 Wheels . | . . . Hover . | . . . Flight . | . . . Fastest Speed 50 | 50 160 160 Average Speed 179 | 114 160 199 Slowest Speed 330 | 160 160 330 Overloaded Moves . | . . . Propulsion Burnouts . | . . . Robots Hopped . | . . . Potential Cave-ins . | . . . Cave-ins Triggered . | . . . Exploration Rate (%) 36 | 3 71 34 Regions Visited 2 Branch Regions 1 Pre-discovered Areas . | . . . Known Exits Taken 2 | 1 1 . Unknown Exits Taken . | . . . Scrap Searched 11 | . . 11 Spaces Dug 1 | . . 1 Terrain Destroyed 3 | . . 3 Melee 1 | . . 1 Projectile 2 | . . 2 AOE . | . . . Terrain Rammed . | . . . Walls Destroyed . | . . . Machines Disabled . | . . . Actions | -11 -10 -10 --------- Run | Yrd Mat Sub Total 1659 | 55 796 808 Wait 151 | . 144 7 Move 1275 | 44 551 680 Hop . | . . . Pick Up 36 | 5 10 21 Fast Attach 3 | 2 1 . Attach 13 | 4 1 8 Detach 5 | . . 5 Swap 8 | . . 8 Drop 8 | . . 8 Fire 128 | . 89 39 Melee 32 | . . 32 Ram . | . . . Kick . | . . . Crush . | . . . Escape Stasis . | . . . Rewire . | . . . Trap . | . . . Miscellaneous . | . . . Route ------- -11/Scrapyard -10/Materials (discovered 5 exits: *Mat x2 / *Min x2 / *Sub) -10/Subcaves (discovered 2 exits: *Mat / *Rec) History --------- Turn | Location | Event 20 | -11/Scrapyard | Identified exit to Materials 20 | -11/Scrapyard | Discovered exit to Materials (range 16) 64 | -11/Scrapyard | Entered Materials 64 | -10/Materials | Evolved 1 slot: Propulsion x1 302 | -10/Materials | Build established: Hacker-Mutant 362 | -10/Materials | Identified exit to Materials 362 | -10/Materials | Discovered exit to Materials (range 11) 693 | -10/Materials | Discovered exit to Materials (range 12) 859 | -10/Materials | Identified exit to Mines 859 | -10/Materials | Discovered exit to Mines (range 9) 864 | -10/Materials | Derelicts attacked the area 1133 | -10/Materials | Discovered exit to Mines (range 12) 1257 | -10/Materials | Identified exit to Subcaves 1257 | -10/Materials | Discovered exit to Subcaves (range 11) 1281 | -10/Materials | Entered Subcaves 1398 | -10/Subcaves | Ambushed by swarm of Subdwellers 1434 | -10/Subcaves | Disturbed a concealed Subdweller 1438 | -10/Subcaves | Lost 3 allies 1683 | -10/Subcaves | Core integrity fell below 50% 1894 | -10/Subcaves | Shifting Twisted Machinery released Mak. Spear 1900 | -10/Subcaves | A swath of the cavern ceiling suddenly collapsed 1926 | -10/Subcaves | Shifting Twisted Machinery released Piercing Trap 2517 | -10/Subcaves | Identified exit to Recycling 2517 | -10/Subcaves | Discovered exit to Recycling (range 16) 2792 | -10/Subcaves | Identified exit to Materials 2792 | -10/Subcaves | Discovered exit to Materials (range 11) 2822 | -10/Subcaves | Core integrity fell below 20% 2890 | -10/Subcaves | Destroyed by 59-8F2(R) with Subdweller Machine Gun Last Messages --------------- 02786_ Acquired 3 matter. 02788_ Acquired 5 matter. 02790_ Acquired 4 matter. 02792_ Acquired 3 matter. 02792_ EXIT=FOUND: MATERIALS 02795_ Acquired 10 matter. 02799_ Acquired 5 matter. 02821_ Acquired 10 matter. 02827_ Mak. Leg destroyed. 02835_ 2T-QZ0(R) destroyed. 02838_ KF-CEC(R) Sub. Power Source blasted off. 02838_ KF-CEC(R) knocked back. 02847_ KF-CEC(R) destroyed. 02859_ DH-TAL(R) destroyed. 02873_ 52-30M(R): "SLEEPOVER!" 02877_ 52-30M(R) Sub. Machine Gun blasted off. 02877_ 52-30M(R) destroyed. 02882_ Acquired 7 matter. 02884_ Acquired 14 matter. 02886_ Acquired 6 matter. Map ----- +----------------------------------------------------+ | ????????????????????????????????????????????????? | | ????????????????????????????????????????????????? | | ????????????????????????????????????????????????? | | ????????????????????????????????????????????????? | | ????????????????????????????????????????????????? | | ????????????????????????????????????????????????? | | ????????????????????????????????????????????????? | | ????????????????????????????????????????????????? | | ???????????????????? ???????????????????????????? | | ??? ????????#?????# "?????????????????????????? | | ?? ???????? ##?##"" "????????????????????????? | | ?? "???????? ###"""! ""##??????????????????????? | | ? "???????? ## % "#??????????????????????? | | ? #????????" # % "???????????????????????? | | # #????????#" #? """????????????????????????? | | #???###?##" #?? " ?????????????????????????? | | #????#"###"""#### #??????????????????????????? | | #????##" " !["# # ##??????????????????????????? | | #?#####" % % " ##?????? ??????????????????? | | ?## """ " " " ####??"#??????????????????? | | ## "" """ ###; " #?? #??????????????????? | | "####### " " #?" #??????????????????? | | " #?????#" % ###""#??????????????????? | | """###???## % ;# "#???????????????????? | | #### ""#????#" <% &!*% #???????????????????? | | #??## "#????#" #@ #???????????????????? | | ????######????# # % #???????????????????? | | ??????????????# # #???????????????????? | | ?????????????# ## #???????????????????? | | ?????????????## " ## ???????????????????? | | ??????????????#### " ??????????????????? | | ?????????????????#### ## ?????????????????? | | ???????????????????? &%# #?# ????????????????? | | ????????????????????# % #??"" ???????????????? | | ????????????????????# # ##???" #??????????????? | | ????????????????????# ????? #??????????????? | | ???????????????????? #????????????????????? | | ???????????????????? ????????????????????? | | ???????????????????? R ???????????????????? | | ???????????????????? ##?## ??????????????????? | | ??????????????????? #???????????????????????? | | ???????????????????? ???????????????????????? | | ????????????????????? ????????????????????????? | | ????????????????????????????????????????????????? | | ????????????????????????????????????????????????? | | ????????????????????????????????????????????????? | | ????????????????????????????????????????????????? | | ????????????????????????????????????????????????? | | ????????????????????????????????????????????????? | | ????????????????????????????????????????????????? | +----------------------------------------------------+ Best States ------------- Heat Dissipation 25 Energy Generation 19 Energy Capacity 315 Matter Stores 300 Matter Capacity 300 Sight Range 16 Terrain Scan Density 10 Armor Coverage 150 Resistance: KI 35 Resistance: TH 35 Resistance: EX 35 Resistance: EM 35 Resistance: I 35 Resistance: S 35 Resistance: P 35 Evasion (%) 50 Recoil Reduction 3 Offensive Hacking 20 Item Schematics ----------------- None Robot Schematics ------------------ None Fabricated ------------ Nothing Repaired ---------- Nothing Studied --------- None Alien Tech Used ----------------- None Achievements -------------- None Challenges ------------ None Game ------ Seed MissileReflexDiverter Manual? 0 Play Time 00:15:04 Cumulative 99.5 hours Start 2025.11.17 @ 10:23:42 End 2025.11.17 @ 10:37:21 Sessions 1 Manual Loads 0 Difficulty Explorer Special Mode None Game No. 110 Rogue 0 Adventurer 0 Explorer 110 Win Type - Total 0 Types 0/0/0/0/0/0/0/0/0/0 Lore% 60 Gallery% 60 Achievement% 46 Wizard Run 0 Options --------- Layout 1 ASCII 0 Keyboard 0 Movement Mouse Keybinds 0 Fullscreen 1 Font 24/Smallcaps Map View 50x35 Zoom Use 0% Tactical HUD 1 Map Filters NONE Filters NONE Steam 1 RUN: 9554b671-8fd3-4398-8794-a0b01f58f7b5